 Dungeon Crawl Stone Soup version 0.14-a0-1522-g6c286a4 (webtiles) character file.

183 4tharraofdagon the Firebug (level 4, -3/33 HPs)
             Began as a Demigod Fire Elementalist on Dec 17, 2013.
             Slain by a sky beast (6 damage)
             ... on Level 5 of the Dungeon.
             The game lasted 00:04:24 (788 turns).

4tharraofdagon the Firebug (DgFE)                    Turns: 788, Time: 00:04:24

HP  -3/33        AC  2     Str 11      XL: 4   Next: 39%
MP  11/11        EV 12     Int 21      God:
Gold 70          SH  0     Dex 17      Spells:  2 memorised,  3 levels left

rFire  . . .     SeeInvis .     f - +0 hammer
rCold  . . .     Clarity  .     a - +0 robe
rNeg   . . .     Conserve .     (no shield)
rPois  .         rCorr    .     (no helmet)
rElec  .         rRot     .     (no cloak)
SustAb . .       Spirit   .     (no gloves)
rMut   .         Warding  .     (no boots)
Saprov . . .     Stasis   .     (no amulet)
                                j - ring of protection from magic {unknown}
                                e - cursed ring of hunger

@: mildly poisoned, somewhat resistant to hostile enchantments, fairly stealthy
A: no striking features
a: no special abilities


You were on level 5 of the Dungeon.
You were hungry.

You visited 1 branch of the dungeon, and saw 5 of its levels.

You collected 70 gold pieces.

Inventory:

Hand weapons
 f - a +0,+0 hammer (weapon)
 o - a +0 blowgun
Missiles
 p - 15 poisoned needles
Armour
 a - a +0 robe (worn)
Comestibles
 c - a bread ration
 g - a chunk of worker ant flesh
 l - a chunk of giant cockroach flesh
Scrolls
 d - a scroll of immolation {unknown}
 h - 2 scrolls of fog {unknown}
 i - 2 scrolls of magic mapping {unknown}
 k - a scroll of identify {unknown}
 m - a scroll of amnesia {unknown}
Jewellery
 e - a cursed ring of hunger (left hand)
 j - a ring of protection from magic (right hand) {unknown}
Potions
 n - a potion of restore abilities {unknown}
 q - a potion of agility {unknown}
Books
 b - a book of Flames

   Spells                             Type                      Level
   *Flame Tongue                      Conjuration/Fire             1
   Throw Flame                        Conjuration/Fire             2
   *Conjure Flame                     Conjuration/Fire             3
   Inner Flame                        Hexes/Fire                   3
   Sticky Flame                       Conjuration/Fire             4
   Fireball                           Conjuration/Fire             5


   Skills:
 - Level 1.7 Dodging
 - Level 1.7 Stealth
 + Level 2.4 Spellcasting
 * Level 2.4 Conjurations
 * Level 3.8 Fire Magic


You had 3 spell levels left.
You knew the following spells:

 Your Spells              Type           Power        Failure   Level  Hunger
a - Flame Tongue          Conj/Fire      ###..        4%          1    None
b - Conjure Flame         Conj/Fire      ###.....     14%         3    ###....


Dungeon Overview and Level Annotations

Branches:
Dungeon (5/16)
 Temple: D:4-7

Annotations:
D:2 1 exclusion, Terence
D:4 Dowan, Duvessa


Message History

Reactivating autopickup.
You see here a poisoned needle.
The sky beast flickers out of sight!
Deactivating autopickup; reactivate with Ctrl-A.
You see here a poisoned needle.
You see here a poisoned needle.
* * * LOW HITPOINT WARNING * * *
You feel sick.
You feel a little better.
A sky beast appears from thin air!
Reactivating autopickup.
You see here a poisoned needle.
* * * LOW HITPOINT WARNING * * *
You feel sick.
The sky beast flickers out of sight!
Deactivating autopickup; reactivate with Ctrl-A.
* * * LOW HITPOINT WARNING * * *
You feel sick. It hits you.
* * * LOW HITPOINT WARNING * * *
It shocks you!
You die...

.# #.....#### ....
.#####>.......###.######.
..........................
.#####.....##.###.######.
.# #.....##.# #.# .##
#.....##.# #.# ..#
##.#####.# #.#
.(#####.#####.###.######.#.
................@..........
#######.#####.###.######.#.
#.# #.# #(# #.# #.# #(#
#.#####.###(######.
#.........(.........
#######.###.######. # #.#
#.#


There were no monsters in sight!

Vanquished Creatures
  2 worker ants
  4 adders
  An inept feature mimic (D:2)
  A giant gecko (D:5)
  A giant cockroach (D:4)
  A goblin (D:4)
  2 hobgoblins
  3 jackals (D:3)
  3 kobolds
  3 bats
  2 giant newts (D:2)
  A quokka (D:3)
  3 rats
27 creatures vanquished.

Notes
Turn   | Place    | Note
--------------------------------------------------------------
     0 | D:1      | 4tharraofdagon, the Demigod Fire Elementalist, began the quest for the Orb.
     0 | D:1      | Reached XP level 1. HP: 14/14 MP: 3/3
   114 | D:2      | Reached skill level 1 in Conjurations
   235 | D:2      | Reached skill level 3 in Fire Magic
   235 | D:2      | Reached XP level 2. HP: 14/20 MP: 0/5
   289 | D:2      | Torious: hi
   366 | D:2      | Noticed Terence
   438 | D:4      | Found a sparkling altar of Nemelex Xobeh.
   442 | D:3      | Reached XP level 3. HP: 19/26 MP: 4/8
   449 | D:3      | Learned a level 3 spell: Conjure Flame
   520 | D:4      | Noticed Dowan
   521 | D:4      | Noticed Duvessa
   539 | D:5      | Entered Level 5 of the Dungeon
   569 | D:4      | HP: 1/26 [goblin (1)]
   633 | D:4      | Reached XP level 4. HP: 8/33 MP: 8/11
   715 | D:4      | Found a shimmering altar of Xom.
   716 | D:4      | Found a shimmering altar of Xom.
   717 | D:4      | Found a shimmering altar of Xom.
   717 | D:4      | Found a shimmering altar of Xom.
   717 | D:4      | Found a shimmering altar of Xom.
   731 | D:4      | You fall through a shaft!
   780 | D:5      | Noticed a sky beast
   788 | D:5      | Slain by a sky beast

Action                   |  1- 3 |  4- 6 || total
-------------------------+-------+-------++-------
Melee: Unarmed           |     2 |       ||     2
       Hammer            |    14 |     4 ||    18
 Cast: Flame Tongue      |    33 |     9 ||    42
  Use: Potion            |     1 |       ||     1
